 Dungeon Crawl Stone Soup version 0.31.0-11-ge490571c62 (webtiles) character file.

Game seed: 9112921286601981004

13108 Monkooky the Grappler (level 11, -8/88 HPs)
             Began as a Demigod Shapeshifter on Jan 28, 2024.
             Mangled by a very large slime creature (44 damage)
             ... on level 14 of the Dungeon.
             The game lasted 00:28:30 (11584 turns).

Monkooky the Grappler (Demigod Shapeshifter)       Turns: 11584, Time: 00:28:31

Health: -8/88      AC: 20    Str: 27    XL:     11   Next: 43%
Magic:  14/14      EV: 11    Int: 12    God:
Gold:   405        SH:  0    Dex: 13    Spells: 10/10 levels left

rFire   . .          .
                       - Unarmed
rCold   . . .        (no shield)
rNeg    + + +        y - +2 scale mail {rPois}
rPois   +            b - +1 helmet of Beogh's Condemnation {rN+}
rElec   .            P - +0 cloak "Ypitethref" {Regen+}
rCorr   .            G - +0 pair of gloves
SInv    +            M - +4 pair of boots of Luizamua {Rampage rPois rN++ Will-}
Will    +....        U - amulet of the acrobat Stlth
                     C - ring of willpower
HPRegen 1.14/turn    E - ring of see invisible
MPRegen 0.14/turn

%: acrobat, rampage
@: no status effects
A: high MP 1, forlorn, divine attributes
a: no special abilities


You were on level 14 of the Dungeon.
You visited 1 branch of the dungeon, and saw 12 of its levels.
You also visited: Sewer and Bailey.

You collected 885 gold pieces.
You spent 480 gold pieces at shops.

Inventory:

Missiles
 J - 21 boomerangs (quivered)
 R - 4 silver javelins
Armour
 a - a +0 animal skin
 b - the +1 helmet of Beogh's Condemnation (worn) {rN+}
   (You took it off Robin on level 2 of the Dungeon)

   rN+:       It protects you from negative energy.
 q - a +0 ring mail
 y - a +2 scale mail of poison resistance (worn)
 G - a +0 pair of gloves (worn)
 M - the +4 pair of boots of Luizamua (worn) {Rampage rPois rN++ Will-}
   (You found it in a bailey)

   rPois:     It protects you from poison rN++: It greatly protects you from
   negative energy.
   Will-:     It decreases your willpower.
   Rampage:   It bestows one free step when moving towards enemies.
 P - the +0 cloak "Ypitethref" (worn) {Regen+}
   (You bought it in a shop on level 8 of the Dungeon)

   Regen+:    It increases your rate of health regeneration.
 Q - a +1 chain mail of fire resistance
Jewellery
 e - a +6 ring of intelligence
 o - a ring of resist corrosion
 C - a ring of willpower (left hand)
 E - a ring of see invisible (right hand)
 N - a ring of fire
 S - a ring of ice
 U - an amulet of the acrobat (around neck)
 V - a ring of ice
Talismans
 c - a beast talisman
 d - a flux talisman
 j - a serpent talisman
Wands
 l - a wand of light (5)
 m - a wand of paralysis (5)
 t - a wand of roots (4)
 H - a wand of flame (10)
Scrolls
 f - 5 scrolls of teleportation
 g - a scroll of brand weapon
 i - 3 scrolls of vulnerability
 v - a scroll of poison
 x - 3 scrolls of enchant armour {unknown}
 A - 3 scrolls of revelation
 F - a scroll of fog
 I - a scroll of fear
 K - 2 scrolls of enchant weapon
 L - 2 scrolls of noise
 T - a scroll of immolation {unknown}
Potions
 k - 3 potions of brilliance {unknown}
 n - 6 potions of enlightenment
 p - 6 potions of curing
 r - 2 potions of mutation
 s - 2 potions of magic {unknown}
 u - 3 potions of heal wounds
 w - a potion of might
 z - a potion of lignification
 B - 2 potions of invisibility {unknown}
 D - a potion of ambrosia
 O - a potion of cancellation {unknown}


   Skills:
 - Level 5.5 Fighting
 + Level 7.5 Throwing
 - Level 7.3 Armour
 - Level 2.3 Dodging
 - Level 14.9 Unarmed Combat
 - Level 3.4 Shapeshifting


You had 10 spell levels left.
You didn't know any spells.
Your spell library contained the following spells:

 Spells                   Type           Power      Damage    Failure   Level
 Magic Dart               Conj           0%         1d3       56%         1
 Sandblast                Erth           0%         2d4       56%         1
 Summon Small Mammal      Summ           0%         N/A       56%         1
 Blink                    Tloc           0%         N/A       71%         2
 Call Imp                 Summ           0%         N/A       71%         2
 Jinxbite                 Hex            0%         N/A       71%         2
 Lesser Beckoning         Tloc           0%         N/A       71%         2
 Momentum Strike          Conj/Tloc      0%         3d8       71%         2
 Searing Ray              Conj           0%         2d4       71%         2
 Sublimation of Blood     Necr           0%         N/A       71%         2
 Call Canine Familiar     Summ           0%         N/A       90%         3
 Inner Flame              Hex/Fire       0%         N/A       90%         3
 Passwall                 Erth           0%         N/A       90%         3
 Stone Arrow              Conj/Erth      0%         3d7       90%         3
 Brom's Barrelling Bould  Conj/Erth      0%         2d3       100%        4
 Fulminant Prism          Conj/Alch      0%         3d5       100%        4
 Summon Blazeheart Golem  Fire/Summ      0%         N/A       100%        4
 Irradiate                Conj/Alch      0%         3d11      100%        5
 Yara's Violent Unravell  Hex/Alch       0%         3d3       100%        5
 Enfeeble                 Hex            0%         N/A       100%        7
 Summon Hydra             Summ           0%         N/A       100%        7
 Ignition                 Fire           0%         3d3       100%        8


Dungeon Overview and Level Annotations

Branches:
Dungeon (11/15)            Temple (0/1) D:7           Sewer (visited)
 Bailey (visited)
   Lair: D:8-11         Orc: D:9-12

Shops:
D:6 ***   D:7 (   D:8 [   D:9 :

Annotations:
D:9 1 runed translucent door, browni3141's ghost, journeyman MiFi


Innate Abilities, Weirdness & Mutations

You have an increased reservoir of magic. (+10% MP)
You shall have no god before yourself.
Your divine heritage dramatically boosts your attributes as you level up.


Message History

Press: ? - help, Dir - move target, p - meliai
As you read the scroll of blinking, it crumbles to dust.
Okay, then.
Unknown command.
The air fills with toxic fumes!
As you read the scroll of poison, it crumbles to dust.
Throw: 21 boomerangs
Press: ? - help, Q - select action, (/) - cycle Shift-Dir - straight line, f - very large slime creature
Aim: a very large slime creature (poison gas, lightly wounded, 82% to hit)
Okay, then.
You feel much better.
Throw: 21 boomerangs
Press: ? - help, Q - select action, (/) - cycle Shift-Dir - straight line, f - very large slime creature
Aim: a very large slime creature (poison gas, lightly wounded, 82% to hit)
You throw a boomerang.
The boomerang barely misses the very large slime creature.
Unknown command.
Throw: 21 boomerangs
Press: ? - help, Q - select action, (/) - cycle Shift-Dir - straight line, f/p - very large slime creature
Aim: a very large slime creature (poison gas, lightly wounded, 82% to hit)
You throw a boomerang.
The boomerang hits the very large slime creature!
The very large slime creature is moderately wounded.
Throw: 21 boomerangs
Press: ? - help, Q - select action, (/) - cycle Shift-Dir - straight line, f/p - very large slime creature
Aim: a very large slime creature (poison gas, moderately wounded, 82% to hit)
You throw a boomerang.
The boomerang hits the very large slime creature.
The very large slime creature is moderately wounded.
Throw: 21 boomerangs
Press: ? - help, Q - select action, (/) - cycle Shift-Dir - straight line, f/p - very large slime creature
Aim: a very large slime creature (poison gas, moderately wounded, 82% to hit)
You throw a boomerang.
The boomerang hits the very large slime creature!
The very large slime creature is moderately wounded.
You punch the very large slime creature! x2
The very large slime creature is heavily wounded.
The very large slime creature hits you!!!
Ouch! That really hurt!
You die...

########+## ###########
#.........# '(J...y)..##
#.........#
#########§☼########○§§......#
##○J§§§J@○☼○☼○......##
#####†####..........#
#.#.............#
#.#..########...# #...# #..#
#.#. ..# #.#.# .# #.. # ##.


You could see a very large slime creature and a slime creature.

Vanquished Creatures
  A two-headed ogre (D:9)
  Urug (D:10)
  5 skeletal warriors (D:11)
  An ugly thing (D:7)
  A meliai (D:14)
  A troll (D:10)
  2 polar bears (D:10)
  Sigmund (D:6)
  A slime creature (D:14)
  A shadow (D:11)
  A centaur simulacrum (D:10)
  A yak (D:10)
  2 wraiths
  A vampire (D:9)
  2 wyverns (D:9)
  Eustachio (D:5)
  2 water moccasins
  Edmund (D:5)
  12 orc warriors
  6 sky beasts
  3 black bears
  2 ice beasts (D:7)
  3 ogres
  A wolf (D:10)
  2 centaurs (D:7)
  2 kobold brigands
  Blork the orc (D:4)
  6 bullfrogs
  2 gnoll sergeants
  3 scorpions (D:5)
  4 wights
  15 killer bees
  A howler monkey (D:7)
  An electric eel (D:10)
  4 hounds
  8 orc priests
  A gnoll bouda (D:7)
  3 jellies
  16 orc wizards
  3 sleepcaps
  Ijyb (D:4)
  3 iguanas
  Robin (D:2)
  11 gnolls
  11 adders
  A river rat (Sewer)
  A shadow imp (D:7)
  8 white imps
  3 ufetubi
  5 ribbon worms
  52 orcs
  4 bats
  7 endoplasms
  9 hobgoblins
  6 jackals
  24 kobolds
  4 quokkas
  9 ball pythons
  5 frilled lizards
  11 goblins
  20 rats
321 creatures vanquished.

Notes
Turn   | Place    | Note
-------+----------+-------------------------------------------
     0 | D:1      | Monkooky the Demigod Shapeshifter began the quest for the
                  | Orb.
     0 | D:1      | Reached XP level 1. HP: 15/15 MP: 3/3
   205 | D:1      | Reached skill level 3 in Unarmed Combat
   266 | D:1      | Reached XP level 2. HP: 16/22 MP: 4/4
  1021 | D:2      | Reached XP level 3. HP: 20/27 MP: 5/5
  1266 | D:2      | Reached skill level 4 in Unarmed Combat
  1589 | D:2      | Identified the +1 helmet of Beogh's Condemnation {rN+}
  1589 | D:2      | Noticed Robin
  1607 | D:2      | Killed Robin
  2006 | D:3      | Reached XP level 4. HP: 33/34 MP: 6/6
  2336 | D:3      | Found a glowing drain.
  2363 | Sewer    | Entered a sewer
  2494 | Sewer    | Reached skill level 5 in Unarmed Combat
  2754 | Sewer    | Reached XP level 5. HP: 39/39 MP: 7/7
  2809 | Sewer    | Reached skill level 6 in Unarmed Combat
  3293 | D:4      | Reached XP level 6. HP: 34/46 MP: 8/8
  3483 | D:4      | Noticed Ijyb
  3505 | D:4      | Killed Ijyb
  3864 | D:4      | Noticed Blork the orc
  3873 | D:4      | Killed Blork the orc
  4162 | D:5      | Entered Level 5 of the Dungeon
  4201 | D:5      | Reached skill level 7 in Unarmed Combat
  4239 | D:5      | Reached XP level 7. HP: 23/51 MP: 9/9
  4607 | D:5      | Reached skill level 8 in Unarmed Combat
  4930 | D:5      | Noticed Eustachio
  4939 | D:5      | Killed Eustachio
  4940 | D:5      | Reached skill level 9 in Unarmed Combat
  4971 | D:5      | Reached XP level 8. HP: 57/58 MP: 10/10
  4990 | D:5      | Identified the +9 flail of Aphav {pain, rN+}
  5053 | D:5      | Noticed Edmund
  5072 | D:5      | Killed Edmund
  5073 | D:5      | Reached skill level 1 in Fighting
  5698 | D:6      | Found Kuigripn's General Store.
  5707 | D:6      | Bought a scroll of identify for 28 gold pieces
  5707 | D:6      | Bought a scroll of identify for 28 gold pieces
  5707 | D:6      | Identified a scroll of acquirement
  5708 | D:6      | Acquired a manual of Unarmed Combat
  5877 | D:6      | Reached skill level 10 in Unarmed Combat
  6181 | D:6      | Noticed Sigmund
  6186 | D:6      | Killed Sigmund
  6187 | D:6      | Reached skill level 11 in Unarmed Combat
  6271 | D:6      | Reached XP level 9. HP: 72/72 MP: 11/11
  6399 | D:6      | Found Ea-nāṣir's Fine Metal Goods.
  6583 | D:6      | Found Ecuefas's Mayhem Merchandise.
  6627 | D:7      | Found Ihoatukk's Antique Weapon Shop.
  6654 | D:7      | Found a staircase to the Ecumenical Temple.
  6710 | D:7      | Reached skill level 5 in Fighting
  6908 | D:7      | Found a flagged portal.
  6939 | Bailey   | Entered a bailey
  7190 | Bailey   | Reached skill level 1 in Armour
  7272 | Bailey   | Reached skill level 12 in Unarmed Combat
  7393 | Bailey   | Identified the +4 scimitar of Xonol {venom, rF+ Str+2 Int-2
                  | Dex+4}
  7551 | Bailey   | Identified the +4 pair of boots of Luizamua {Rampage rPois
                  | rN++ Will-}
  8381 | D:7      | Reached skill level 13 in Unarmed Combat
  8518 | D:7      | Noticed a green ugly thing
  8527 | D:7      | Killed a green ugly thing
  8528 | D:7      | Reached XP level 10. HP: 57/81 MP: 13/13
  8766 | D:7      | Reached skill level 5 in Armour
  9329 | D:8      | Reached skill level 14 in Unarmed Combat
  9800 | D:8      | Found Zioriry's Antique Armour Emporium.
  9808 | D:8      | Bought a steaming cloak for 237 gold pieces
  9808 | D:8      | Identified the +0 cloak "Ypitethref" {Regen+} (You bought
                  | it in a shop on level 8 of the Dungeon)
  9813 | D:8      | Bought a shiny chain mail for 187 gold pieces
 10221 | D:9      | Found a runed translucent door.
 10375 | D:9      | Noticed a two-headed ogre
 10386 | D:9      | Killed a two-headed ogre
 10548 | D:9      | Found Lucieq's Book Shoppe.
 10596 | D:9      | Noticed a +1 trident of chaos
 10596 | D:9      | Noticed browni3141's ghost (journeyman MiFi)
 10612 | D:10     | Entered Level 10 of the Dungeon
 10616 | D:10     | Noticed Urug
 10628 | D:10     | Killed Urug
 10721 | D:10     | Reached skill level 1 in Throwing
 10790 | D:10     | Identified the +2 ring mail of Horihuib {Int+2}
 10913 | D:10     | Reached XP level 11. HP: 75/88 MP: 14/14
 10946 | D:10     | Noticed a +0 dagger
 10961 | D:10     | Noticed a +0 short sword
 10961 | D:10     | Noticed a +0 falchion
 10962 | D:10     | Noticed a +0 dagger
 10962 | D:10     | Noticed a +0 short sword
 10962 | D:10     | Noticed a +0 spear
 10962 | D:10     | Noticed a +0 falchion
 10963 | D:10     | Noticed a +0 spear
 11344 | D:11     | Noticed a skeletal warrior
 11344 | D:11     | Noticed a skeletal warrior
 11344 | D:11     | Noticed a skeletal warrior
 11345 | D:11     | Noticed a skeletal warrior
 11347 | D:11     | Noticed a skeletal warrior
 11351 | D:11     | Killed a skeletal warrior
 11365 | D:11     | Killed a skeletal warrior
 11366 | D:11     | Reached skill level 5 in Throwing
 11372 | D:11     | Killed a skeletal warrior
 11380 | D:11     | Killed a skeletal warrior
 11384 | D:11     | Killed a skeletal warrior
 11476 | D:11     | You fall into a shaft and drop 3 floors!
 11584 | D:14     | Mangled by a very large slime creature

Illustrated notes

Levels and vault maps discovered:
D:1:      dpeg_arrival_pits, layout_loops_ring
D:2:      layout_loops_corners, shapermc_ecumenical_altar_totnotflames,
          amcnicky_mini_corridor_feature, uniq_robin
D:3:      layout_basic, trog_book, cheibrodos_sewer_entry_bend
D:4:      layout_loops_ring, led_sif_pool, lemuel_doored_altar,
          nicolae_half_adder, uniq_ijyb, uniq_blork_the_orc
D:5:      layout_basic, nicolae_figureground_sparkle, uniq_eustachio,
          uniq_edmund
D:6:      layout_loops_ring, serial_shops, shop,
          serial_library_hellmonk_small_alcove, st_stairs_1,
          nicolae_eternal_life, grunt_ministairs_1, columned_hall_lemuel,
          hangedman_decor_points, minmay_shop_mayhem,
          nicolae_ea-nasir_strikes_again, minivault_11, uniq_sigmund
D:7:      kennysheep_windowed_halls, layout_gridville,
          minmay_temple_entry_ruins, enter_bailey_6, serial_shops, shop
D:8:      layout_basic, serial_shops, shop, kennysheep_decorative_pillar
D:9:      layout_basic, grunt_temple_overflow_open, evilmike_ruin_ashenzari,
          mainiacjoe_overflow_small_starburst, serial_shops, shop,
          ebering_ghost_xom
D:10:     layout_small_grid, nicolae_uskayaw_en_pointe,
          nicolae_vehumet_altar_sigil, serial_ice, serial_ice_i, serial_ice_f,
          serial_ice_h, serial_ice_m, serial_ice_d, serial_ice_c, uniq_urug
D:11:     layout_loops_ring, erik_lair_island, nicolae_sextant, chequers_jeans
D:14:     layout_roguey [special_room_bee], grunt_ministairs_11, minivault_21,
          minmay_statue_crystal_thing, uniq_lodul

Skill      XL: |  1  2  3  4  5  6  7  8  9 10 11 |
---------------+----------------------------------+-----
Unarmed Combat | 3 4 5 6 7 9 11 13 14 | 14.9
Shapeshifting  | 3 |  3.4
Fighting       | 4 5 |  5.5
Armour         | 4 7 |  7.3
Dodging        | 2 |  2.3
Throwing       | 3 7 |  7.5

Action                     |  1- 3 |  4- 6 |  7- 9 | 10-12 || total
---------------------------+-------+-------+-------+-------++-------
  Melee: Unarmed           |   115 |   284 |   364 |   307 ||  1070
         Punch             |       |    10 |    20 |    22 ||    52
  Throw: Boomerang         |       |       |       |     4 ||     4
         Javelin           |       |       |       |     3 ||     3
  Evoke: Wand              |       |     1 |    16 |     7 ||    24
    Use: Potion            |     1 |     2 |     4 |     5 ||    12
         Scroll            |       |     5 |    10 |     6 ||    21
   Stab: Sleeping          |     1 |       |       |       ||     1
         Distracted        |       |       |     1 |       ||     1
 Armour: Animal skin       |    35 |       |       |       ||    35
         Skin              |    16 |    39 |     3 |    21 ||    79
         Ring mail         |     9 |   155 |       |       ||   164
         Scale mail        |       |    52 |   249 |   224 ||   525
  Dodge: Dodged            |    52 |   186 |   172 |   137 ||   547
         Form:             |     1 |       |       |       ||     1
         Beast             |     1 |       |       |       ||     1
